 Dungeon Crawl Stone Soup version 0.30-b1-2-g02819fbbbe (webtiles) character file.

Game seed: 4505718997624121793

250 Borgoz the Trooper (level 5, -3/48 HPs)
             Began as a Minotaur Berserker on June 18, 2023.
             Was a Priest of Trog.
             Succumbed to their own poison gas
             ... on level 3 of the Dungeon.
             The game lasted 00:03:46 (2241 turns).

Borgoz the Trooper (Minotaur Berserker)             Turns: 2241, Time: 00:03:47

Health: -3/48      AC:  5    Str: 21    XL:     5   Next: 88%
Magic:  4/4        EV: 13    Int:  4    God:    Trog [***...]
Gold:   188        SH:  5    Dex: 12    Spells: 4/4 levels left

rFire   . . .        a - +1 falchion (venom)
rCold   + . .        (no shield)
rNeg    . . .        b - +1 animal skin
rPois   .            (helmet restricted)
rElec   .            (no cloak)
rCorr   .            n - +1 pair of gloves
SInv    .            (no boots)
Will    .....        j - amulet of reflection
Stlth   ++           m - ring of protection from cold
HPRegen 0.28/turn    (no ring)
MPRegen 0.09/turn

%: reflection
@: lethally poisoned (-3 -> -27), attractive
A: horns 2, retaliatory headbutt
a: Renounce Religion, Berserk, Trog's Hand


You were on level 3 of the Dungeon.
You worshipped Trog.
Trog was most pleased with you.
You visited 1 branch of the dungeon, and saw 3 of its levels.

You collected 188 gold pieces.

Inventory:

Hand Weapons
 a - a +1 falchion of venom (weapon)
Missiles
 h - 5 poisoned darts (quivered)
Armour
 b - a +1 animal skin (worn)
 n - a +1 pair of gloves (worn)
Jewellery
 j - an amulet of reflection (around neck)
 l - a ring of positive energy
 m - a ring of protection from cold (left hand)
Scrolls
 e - 2 scrolls of brand weapon
Potions
 c - a potion of haste {unknown}
 d - a potion of lignification {unknown}
 f - a potion of attraction
 g - a potion of flight {unknown}
 i - 3 potions of heal wounds {unknown}
 o - a potion of curing {unknown}


   Skills:
 * Level 5.0 Fighting
 * Level 4.8 Long Blades
 * Level 4.1 Armour
 * Level 3.6 Dodging
 + Level 1.3 Stealth


You had 4 spell levels left.
You didn't know any spells.
Your spell library was empty.

Dungeon Overview and Level Annotations

Branches:
Dungeon (3/15)

Altars:


Innate Abilities, Weirdness & Mutations

You have a pair of horns on your head.
You reflexively headbutt those who attack you in melee.


Message History

An adder is nearby!
An adder is nearby!
An adder is nearby!
Partly explored, can't reach some items and places.
An adder is nearby!
An adder is nearby!
Really walk into that cloud of poison gas? [Y]es or [N]o only, please.
Really walk into that cloud of poison gas? [Y]es or [N]o only, please.
Really walk into that cloud of poison gas? [Y]es or [N]o only, please.
Really walk into that cloud of poison gas? [Y]es or [N]o only, please.
Really walk into that cloud of poison gas?
Found a plate armour and an orange potion.
Found a stone staircase leading up.
You are engulfed in poison gas.
You are poisoned.
You feel very sick. The adder bites you. The adder barely misses you.
You're standing in a cloud of poison gas!
You hit the adder.
The adder is poisoned.
The adder is heavily wounded.
You are engulfed in poison gas.
You are more poisoned.
You feel very sick. The adder closely misses you.
You hit the adder.
You kill the adder!
Trog accepts your kill.
You are engulfed in poison gas.
You are lethally poisoned!
* * * LOW HITPOINT WARNING * * *
You feel extremely sick.
A frilled lizard comes into view.
* * * LOW HITPOINT WARNING * * *
You feel extremely sick.
The frilled lizard hisses angrily.
A hobgoblin comes into view.
It was a potion of attraction.
You feel attractive to monsters.
You die...

#............................
..........#....###.#.........
##.#####....#...°#°##.#...#..
#..# #.##....°.°.°....#.# .
..## #.##.##°............# ..
#.##(##......#..#..... ..
..#..###.......####.## ..
#.....###..°$..## .#
....#.<..@.(°....
............#....
#..###.#....## #.. # #°...> #
.....#. .....°°.. ####.[.l ..
##...g...


You could see a hobgoblin (wandering) and a frilled lizard.

Vanquished Creatures
  An orc priest (D:2)
  A sleepcap (D:3)
  8 gnolls
  2 adders
  2 worms
  2 dart slugs
  5 orcs
  6 endoplasms
  4 giant cockroaches
  9 goblins
  7 hobgoblins
  4 jackals (D:1)
  A quokka (D:1)
  10 ball pythons
  9 bats
  5 frilled lizards
  7 kobolds
  8 rats
91 creatures vanquished.

Notes
Turn   | Place    | Note
-------+----------+-------------------------------------------
     0 | D:1      | Borgoz the Minotaur Berserker began the quest for the Orb.
     0 | D:1      | Reached XP level 1. HP: 19/19 MP: 0/0
   172 | D:1      | Reached XP level 2. HP: 27/27 MP: 1/1
   272 | D:1      | Reached skill level 4 in Fighting
   279 | D:1      | Reached XP level 3. HP: 17/33 MP: 2/2
   346 | D:1      | Found a faded altar of an unknown god.
   376 | D:1      | Reached ** piety under Trog
  1053 | D:2      | Reached XP level 4. HP: 40/40 MP: 3/3
  1059 | D:2      | HP: 1/41 [gnoll/+0 halberd (9)]
  1316 | D:2      | Reached skill level 1 in Stealth
  1327 | D:2      | Reached XP level 5. HP: 25/47 MP: 4/4
  1865 | D:2      | Reached *** piety under Trog
  2181 | D:3      | Reached skill level 5 in Fighting
  2240 | D:3      | HP: 2/48 [poisoned by you (poison gas)]
  2241 | D:3      | Succumbed to their own poison gas

Illustrated notes

Levels and vault maps discovered:
D:1:      dpeg_arrival_subterranean_lakeside_camping, layout_basic,
          hellmonk_ecumenical_altar_dog_temple, minmay_misc_feat_cross, hex_tiny
D:2:      layout_loops_ring
D:3:      layout_rooms

Skill      XL: |  1  2  3  4  5 |
---------------+----------------+-----
Fighting       | 4 5 |  5.0
Long Blades    | 4 |  4.8
Armour         | 3 4 |  4.1
Dodging        | 3 |  3.6
Stealth        | 1 |  1.3

Action                     |  1- 3 |  4- 6 || total
---------------------------+-------+-------++-------
  Melee: Falchion          |    57 |    85 ||   142
         Headbutt          |     5 |    21 ||    26
 Invoke: Berserk           |       |     2 ||     2
         Trog's Hand       |       |     1 ||     1
    Use: Scroll            |     2 |     8 ||    10
         Potion            |       |     1 ||     1
   Stab: Sleeping          |     1 |     1 ||     2
 Armour: Animal skin       |    10 |    13 ||    23
  Dodge: Dodged            |    56 |    41 ||    97
  Block: Other             |       |     9 ||     9
